 Dungeon Sprint DCSS version 0.28-a0-915-gcd63401287 (webtiles) character file.

Game seed: 2877748324808988978

1223 Turgor the Cleaver (level 8, -7/121 HPs)
             Began as a Minotaur Berserker on Nov 25, 2021.
             Was a High Priest of Trog.
             Mangled by Snorg (18 damage)
             ... in the Dungeon (Sprint III: "The Ten Rune Challenge").
             The game lasted 00:07:24 (892 turns).

Turgor the Cleaver (Minotaur Berserker)              Turns: 892, Time: 00:07:24

Health: -7/121     AC:  8    Str: 25    XL:     8   Next: 23%
Magic:  7/7        EV: 13    Int:  4    God:    Trog [*****.]
Gold:   46         SH:  0    Dex:  9    Spells: 7/7 levels left

rFire   . . .      SeeInvis .   a - +0 hand axe
rCold   . . .      Faith    .   (no shield)
rNeg    . . .      Spirit   .   p - +0 scale mail
rPois   .          Reflect  .   (helmet restricted)
rElec   .          Harm     .   (no cloak)
rCorr   .          Rampage  .   (no gloves)
Will    ++...      NoTele   +   (no boots)
Stlth   ..........              (no amulet)
HPRegen 1.30/turn               (no ring)
MPRegen 0.10/turn               (no ring)

@: berserking (expiring), strong-willed (expiring), regenerating (expiring),
very quick
A: horns 2, retaliatory headbutt
a: Renounce Religion, Berserk, Trog's Hand, Brothers in Arms


You were in the Dungeon.
You worshipped Trog.
Trog was extremely pleased with you.
You visited 1 branch You collected 46 gold pieces.

Inventory:

Hand Weapons
 a - a +0 hand axe (weapon)
 n - a +3 long sword of holy wrath
Missiles
 i - 14 stones (quivered)
Armour
 p - a +0 scale mail (worn)
Scrolls
 h - a scroll of blinking
 j - 2 scrolls of torment
 k - 3 scrolls of identify
Potions
 c - 2 potions of curing
 d - a potion of heal wounds
 e - a potion of haste
 f - 2 potions of magic
 g - a potion of berserk rage
 l - 3 potions of flight
 m - 5 potions of mutation
 o - a potion of might


   Skills:
 + Level 10.6 Fighting
 * Level 14.1 Axes
 + Level 10.2 Armour
 - Level 9.0 Dodging


You had 7 spell levels left.
You didn't know any spells.
Your spell library was empty.

Dungeon Overview and Level Annotations

Branches:
Dungeon (1/1)

Altars:
Cheibriados
Dithmenos
Elyvilon
Fedhas
Gozag
Hepliaklqana
Kikubaaqudgha
Makhleb
Nemelex Xobeh
Okawaru
Qazlal
Ru
Sif Muna
Trog
Uskayaw
Vehumet
Wu Jian
Xom
Yredelemnul
Zin
The Shining One
Beogh
Jiyva
Lugonu

Annotations:
D Snorg


Innate Abilities, Weirdness & Mutations

You have a pair of horns on your head.
You reflexively headbutt those who attack you in melee.


Message History

You feel the effects of Trog's Hand fading.
You hit Snorg. You headbutt Snorg!
Snorg is moderately wounded.
Snorg bites you!! Snorg claws you! Snorg barely misses you.
You slash Snorg! Your headbutt misses Snorg.
Snorg is moderately wounded.
Snorg misses you. Snorg barely misses you. Snorg claws you but does no damage.
You closely miss Snorg.
Snorg is moderately wounded.
You closely miss Snorg. You headbutt Snorg!
Snorg is heavily wounded.
Snorg closely misses you. Snorg barely misses you. Snorg closely misses you.
You slash Snorg!
Snorg is heavily wounded.
You barely miss Snorg. Your headbutt misses Snorg.
Snorg is heavily wounded.
Snorg bites you!! Snorg completely misses you. Snorg claws you!
You closely miss Snorg. Your headbutt misses Snorg.
Snorg is heavily wounded.
You slice Snorg!! Your headbutt misses Snorg.
Snorg is severely wounded.
Snorg bites you. Snorg claws you. Snorg claws you but does no damage.
You barely miss Snorg. You headbutt Snorg!
Snorg is severely wounded.
Snorg bites you! Snorg claws you!
* * * LOW HITPOINT WARNING * * *
Snorg barely misses you.
You slash Snorg! You headbutt Snorg.
Snorg is almost dead.
You completely miss Snorg. You headbutt Snorg!
Snorg is almost dead.
Snorg bites you!
* * * LOW HITPOINT WARNING * * *
Snorg claws you.
* * * LOW HITPOINT WARNING * * *
Snorg misses you.
You closely miss Snorg. Your headbutt misses Snorg.
Snorg is almost dead.
Snorg bites you!!
You die...

##.############
#..#___#___#__#
#..#...#__)#._#
#..###'#†###)##
#..#..........#
...'.⌠........#
...#...######'#
...#.⌠.#__#...#+#####
...#...#__#...#.@≈≈≈+
...#)###__#...#.#T§§#
...#.:)#__#...'.#.§§#
...#___#__'...#.#§§§#
▓▓▓▓▓▓▓▓▓▓▓▓▓▓▓▓▓▓▓▓▓


You could see Snorg (berserk).

Vanquished Creatures
  A deep elf pyromancer (D)
  A shadow (D)
  A spatial vortex (D)
  A necrophage (D)
  A water elemental (D)
  A jelly (D)
  A wizard (D)
  A necromancer (D)
  A kobold demonologist (D)
  3 humans (D)
  A phantom (D)
  An endoplasm (D)
  3 rats (D)
17 creatures vanquished.

Notes
Turn   | Place    | Note
-------+----------+-------------------------------------------
     0 | D        | Turgor the Minotaur Berserker began the quest for the Orb.
     0 | D        | Reached XP level 1. HP: 19/19 MP: 0/0
     9 | D        | Reached skill level 4 in Axes
    30 | D        | Reached ** piety under Trog
    72 | D        | Reached skill level 5 in Axes
    72 | D        | Reached XP level 2. HP: 10/28 MP: 1/1
   376 | D        | Noticed a water elemental
   382 | D        | Killed a water elemental
   383 | D        | Reached skill level 5 in Fighting
   383 | D        | Reached skill level 7 in Axes
   383 | D        | Reached skill level 5 in Armour
   383 | D        | Reached XP level 3. HP: 30/37 MP: 2/2
   383 | D        | Reached XP level 4. HP: 36/44 MP: 3/3
   427 | D        | Found a radiant altar of Vehumet.
   427 | D        | Found a shimmering blue altar of Sif Muna.
   427 | D        | Found an ancient bone altar of Kikubaaqudgha.
   427 | D        | Noticed a wizard
   430 | D        | Killed a wizard
   430 | D        | Reached *** piety under Trog
   436 | D        | Reached skill level 8 in Axes
   436 | D        | Reached skill level 5 in Dodging
   468 | D        | Found a glowing silver altar of Zin.
   468 | D        | Found a glowing golden altar of the Shining One.
   468 | D        | Found a white marble altar of Elyvilon.
   469 | D        | Noticed a deep elf pyromancer
   473 | D        | Killed a deep elf pyromancer
   473 | D        | Reached **** piety under Trog
   474 | D        | Reached skill level 12 in Axes
   474 | D        | Reached XP level 5. HP: 37/57 MP: 4/4
   474 | D        | Reached XP level 6. HP: 41/63 MP: 5/5
   474 | D        | Reached XP level 7. HP: 46/70 MP: 6/6
   601 | D        | Found a hide-covered altar of Uskayaw.
   601 | D        | Found an iron altar of Okawaru.
   601 | D        | Found a bloodstained altar of Trog.
   601 | D        | Found an ornate altar of the Wu Jian Council.
   601 | D        | Noticed a human
   601 | D        | Noticed a human
   608 | D        | Killed a human
   611 | D        | Killed a human
   612 | D        | Reached skill level 13 in Axes
   661 | D        | Found a basalt altar of Yredelemnul.
   661 | D        | Found a shadowy altar of Dithmenos.
   661 | D        | Found a sacrificial altar of Ru.
   672 | D        | Reached skill level 10 in Fighting
   680 | D        | Noticed a shadow
   685 | D        | Killed a shadow
   686 | D        | Reached XP level 8. HP: 80/80 MP: 7/7
   689 | D        | Reached ***** piety under Trog
   732 | D        | Found a blossoming altar of Fedhas.
   732 | D        | Found a stormy altar of Qazlal.
   733 | D        | Found a snail-covered altar of Cheibriados.
   733 | D        | Found a burning altar of Makhleb.
   733 | D        | Found a hazy altar of Hepliaklqana.
   733 | D        | Found a shimmering altar of Xom.
   733 | D        | Found an opulent altar of Gozag.
   733 | D        | Found a sparkling altar of Nemelex Xobeh.
   733 | D        | Found a corrupted altar of Lugonu.
   733 | D        | Found a viscous altar of Jiyva.
   744 | D        | Reached skill level 14 in Axes
   744 | D        | Reached skill level 10 in Armour
   876 | D        | Noticed Snorg
   892 | D        | Mangled by Snorg

Illustrated notes

Levels and vault maps discovered:
D:        dungeon_sprint_mu [sprint_mu_entry_cave, sprint_mu_temple_rooms,
          sprint_mu_d1_horrors, sprint_mu_d2_genie, sprint_mu_d3_branching,
          sprint_mu_orc_legion, sprint_mu_elf_gauntlet, sprint_mu_hive_nellie,
          sprint_mu_lair_fedhas, sprint_mu_vaults_butterflies,
          sprint_mu_slime_circle, sprint_mu_swamp_cave, sprint_mu_snake_twists,
          sprint_mu_blade_basic, sprint_mu_crypt_chambers,
          sprint_mu_tomb_spiral, sprint_mu_vestibule_basic,
          sprint_mu_gehenna_hellfire, sprint_mu_dis_giant,
          sprint_mu_tartarus_statrot, sprint_mu_cocytus_islands, sprint_mu_zot1]

Skill      XL: |  1  2  3  4  5  6  7  8 |
---------------+-------------------------+-----
Axes           | 5 7 12 13 14 | 14.1
Fighting       | 4 5 9 10 | 10.6
Armour         | 3 5 8 9 10 | 10.2
Dodging        | 3 4 7 9 |  9.0

Action                   |  1- 3 |  4- 6 |  7- 9 || total
-------------------------+-------+-------+-------++-------
Melee: Hand axe          |    19 |     8 |    47 ||    74
       Headbutt          |     3 |       |    14 ||    17
Throw: Stone             |     2 |       |       ||     2
Invok: Berserk           |     3 |     2 |     3 ||     8
       Trog's Hand       |     2 |     1 |     3 ||     6
  Use: Scroll            |     1 |       |       ||     1
 Stab: Sleeping          |     1 |       |       ||     1
Armor: Animal skin       |     1 |     1 |       ||     2
       Scale mail        |       |       |     3 ||     3
Dodge: Dodged            |     5 |     1 |    18 ||    24

Table legend: (Time is in decaauts)
 A = Elapsed time spent in this place.
 B = Non-inter-level travel time spent in this place.
 C = Inter-level travel time spent in this place.
 D = Time resting spent in this place.
 E = Time spent auto-exploring this place.
 F = Levels seen in this place.
 G = Mean time per level.
                   A        B        C        D        E       F      G
               +--------+--------+--------+--------+--------+-----+--------+
         Total |    933 |    933 |      0 |    669 |      0 |   1 |  933.0 |
       Dungeon |    933 |    933 |      0 |    669 |      0 |   1 |  933.0 |
               +--------+--------+--------+--------+--------+-----+--------+

Top non-repeatable levels by time:
       D: 933 daAuts
